 Dungeon Crawl Stone Soup version 0.18.1-6-gd335043 (webtiles) character file.

1032 Etesian the Geomancer (level 8, -4/41 HPs)
             Began as a Deep Elf Earth Elementalist on May 18, 2016.
             Slain by an iguana (12 damage)
             ... on level 4 of the Dungeon on May 19, 2016.
             The game lasted 00:31:22 (7051 turns).

Etesian the Geomancer (Deep Elf Earth Elementalist) Turns: 7051, Time: 00:31:23

Health: -4/41      AC:  9    Str:  5    XL:     8   Next: 3%
Magic:  4/16       EV: 15    Int: 23    God:
Gold:   216        SH:  0    Dex: 15    Spells: 3 memorised, 7 levels left

rFire  . . .     SeeInvis .     b - 233 stones
rCold  . . .     Gourm    .     e - +0 robe
rNeg   . . .     Faith    .     (no shield)
rPois  .         Spirit   .     D - +2 helmet
rElec  .         Dismiss  .     i - +2 cloak
rCorr  .         Reflect  .     (no gloves)
SustAt .         Harm     .     q - +0 pair of boots
MR     .....                    (no amulet)
Stlth  ++........               (no ring)
                                A - +2 ring of slaying

@: not resistant to hostile enchantments, unstealthy
A: no striking features
a: no special abilities


You were on level 4 of the Dungeon.
You were not hungry.

You visited 1 branch of the dungeon, and saw 5 of its levels.

You collected 216 gold pieces.

Inventory:

Hand Weapons
 a - a +3 short sword
 B - the +11 hunting sling "Worm" {velocity, +Fly MR- Str+4 Stlth+}
   (You found it on level 4 of the Dungeon)

   Any stone fired from it inflicts extra damage.
   It affects your strength (+4).
   It affects your resistance to hostile enchantments.
   It lets you fly.
   It makes you more stealthy.
Missiles
 b - 233 stones (in hand)
 v - 83 sling bullets
Armour
 e - a +0 robe (worn)
 i - a +2 cloak (worn)
 q - a +0 pair of boots (worn)
 D - a +2 helmet (worn)
Jewellery
 A - a +2 ring of slaying (left hand)
Wands
 s - a wand of flame (18/48)
 C - a wand of slowing (14/48)
Scrolls
 g - 3 scrolls of remove curse
 h - 2 scrolls of teleportation
 u - a scroll of immolation
Potions
 k - 3 potions of curing
 l - 2 potions of might
 m - 2 potions of flight {unknown}
 n - a potion of invisibility {unknown}
 o - a potion of brilliance {unknown}
 p - 2 potions of mutation {unknown}
 r - 2 potions of degeneration {unknown}
 t - a potion of heal wounds {unknown}
 x - a potion of cure mutation {unknown}
 z - 2 potions of haste {unknown}
Comestibles
 c - 2 beef jerkies
 d - 3 bread rations
 f - 3 chunks of flesh
 j - a meat ration
 w - a royal jelly
 E - 2 fruits


   Skills:
 + Level 5.0 Dodging
 - Level 2.4 Stealth
 + Level 4.5 Spellcasting
 * Level 3.8 Conjurations
   Level 1.1 Transmutations
 + Level 8.5 Earth Magic


You had 7 spell levels left.
You knew the following spells:

 Your Spells              Type           Power        Failure   Level  Hunger
a - Sandblast             Erth           #####.       1%          1    None
b - Stone Arrow           Conj/Erth      ####..       2%          3    ##.....
e - Lee's Rapid Deconstr  Erth           #####.....   10%         5    #####..


Dungeon Overview and Level Annotations

Branches:
Dungeon (5/15)
 Temple: D:4-7

Altars:
Cheibriados


Message History

Press: ? - help, Shift-Dir - straight line, f/p - iguana
Aim: an iguana (heavily wounded)
The rocky blast hits the iguana.
The iguana is severely wounded.
The iguana bites you.
* * * LOW HITPOINT WARNING * * *
You take 3 damage, and have 9/41 hp.
You now have 5/16 mp.
Drink which item? (? for menu, Esc to quit)
You feel better. The iguana bites you!
* * * LOW HITPOINT WARNING * * *
You take 1 damage, and have 8/41 hp.
Casting: Sandblast
Confirm with . or Enter, or press ? or * to list all spells.
Aiming: Sandblast
Press: ? - help, Shift-Dir - straight line, f/p - iguana
Aim: an iguana (severely wounded)
The rocky blast misses the iguana.
The rocky blast hits the giant gecko.
You kill the giant gecko!
The iguana bites you!
You die...

######..######>
##########.............
#..........###..#######
#>############.## # #.##
##..# ##### #..# ##..##
#.[.# ##.########..##
#...# #.....##...## #...#
#####@#..### #....
###l#.## ##### ##.##
#..[..# #...####.##
#.....## #..........
#..[...###....###.##
#..........##.##..#.
##.....>.#.###.##.#..
####.....##.....#.#..#..
##....########.#.#...##..


You could see an iguana.

Vanquished Creatures
  Sigmund (D:3)
  Edmund (D:4)
  Purgy (D:3)
  An ogre (D:5)
  2 orc priests (D:3)
  2 hounds
  An orc wizard (D:3)
  Crazy Yiuf (D:2)
  A giant frog skeleton (D:4)
  Terence (D:3)
  Ijyb (D:3)
  Natasha (thrice) (D:2)
  2 worker ants (D:4)
  A hound skeleton (D:4)
  Robin (D:4)
  5 adders
  2 worms
  A dart slug (D:3)
  4 giant geckos
  13 orcs
  5 giant cockroaches
  19 goblins
  12 hobgoblins
  13 jackals
  9 kobolds
  2 quokkas
  11 bats
  5 giant newts
  6 rats
127 creatures vanquished.

Notes
Turn   | Place    | Note
--------------------------------------------------------------
     0 | D:1      | Etesian the Deep Elf Earth Elementalist began the quest for the Orb.
     0 | D:1      | Reached XP level 1. HP: 10/10 MP: 6/6
   470 | D:1      | Reached XP level 2. HP: 13/15 MP: 2/8
   720 | D:1      | Reached skill level 4 in Earth Magic
  1421 | D:2      | Reached XP level 3. HP: 19/19 MP: 7/9
  1426 | D:2      | Learned a level 3 spell: Stone Arrow
  1657 | D:2      | Noticed Natasha
  1664 | D:2      | Killed Natasha
  1664 | D:2      | Reached XP level 4. HP: 24/24 MP: 1/10
  1886 | D:2      | Noticed Crazy Yiuf
  1915 | D:2      | Noticed Natasha
  1918 | D:2      | Killed Natasha
  1918 | D:2      | Reached skill level 5 in Earth Magic
  2319 | D:2      | Noticed Natasha
  2327 | D:2      | Killed Natasha
  2574 | D:3      | Noticed Sigmund
  2801 | D:3      | Noticed Purgy
  2824 | D:3      | Killed Purgy
  2824 | D:3      | Reached skill level 6 in Earth Magic
  2824 | D:3      | Reached XP level 5. HP: 28/28 MP: 6/11
  3492 | D:3      | Killed Sigmund
  3492 | D:3      | Reached skill level 7 in Earth Magic
  3492 | D:3      | Reached XP level 6. HP: 25/32 MP: 6/12
  3703 | D:3      | Noticed Terence
  3711 | D:3      | Learned a level 5 spell: Lee's Rapid Deconstruction
  3719 | D:3      | Killed Terence
  3858 | D:3      | Found a snail-covered altar of Cheibriados.
  3870 | D:3      | Noticed Ijyb
  3875 | D:3      | Killed Ijyb
  3875 | D:3      | Reached skill level 8 in Earth Magic
  4412 | D:3      | Reached XP level 7. HP: 15/36 MP: 8/13
  4616 | D:3      | Reached skill level 1 in Conjurations
  5364 | D:4      | Got a scorched hunting sling
  5365 | D:4      | Identified the +11 hunting sling "Worm" {velocity, +Fly MR- Str+4 Stlth+} (You found it on level 4 of the Dungeon)
  5942 | D:4      | Noticed Robin
  5962 | D:4      | Killed Robin
  6396 | D:2      | Killed Crazy Yiuf
  6676 | D:5      | Entered Level 5 of the Dungeon
  6686 | D:5      | Noticed Edmund
  6844 | D:4      | Killed Edmund
  7030 | D:5      | Reached skill level 5 in Dodging
  7030 | D:5      | Reached XP level 8. HP: 41/41 MP: 6/16
  7051 | D:4      | Slain by an iguana

Skill      XL: |  1  2  3  4  5  6  7 |
---------------+----------------------+-----
Earth Magic    | 4 6 7 8 |  8.5
Dodging        | 3 4 5 |  5.0
Conjurations   | 3 |  3.8
Spellcasting   | 4 |  4.5
Stealth        | |  2.4
Transmutations | |  1.1

Action                   |  1- 3 |  4- 6 |  7- 9 || total
-------------------------+-------+-------+-------++-------
Melee: Spear             |    74 |    15 |       ||    89
       Short sword       |       |   105 |    86 ||   191
Throw: Stone             |       |     1 |     4 ||     5
 Cast: Sandblast         |    31 |    40 |    31 ||   102
       Stone Arrow       |     4 |    15 |    17 ||    36
       Lee's Rapid Decon |       |     3 |     4 ||     7
  Use: Scroll            |     5 |     2 |     4 ||    11
       Potion            |       |       |     3 ||     3
 Stab: Sleeping          |     6 |     4 |     2 ||    12
       Distracted        |       |     1 |       ||     1
  Eat: Chunk             |     3 |    11 |    11 ||    25
Armor: Robe              |    33 |    24 |    32 ||    89
Dodge: Dodged            |    72 |    94 |   104 ||   270
